General information
- name: BNet
- type: Ladder team game (AT/RT)
- host: Battle.net
- saver: BrianKepelte
map: Monsoon
- players: 6
- length: 56:44
- speed: Fast
- version: 1.27 W3XP
- replay type:

» download(408 KB)
Players
team 1 (loser)

»
archont (
green | 76 APM | 3061 actions | 40:08)
6 Demon Hunter
2 Mana Burn
3 Evasion
1 Metamorphosis
» actions
| Assign group hotkey | 22 | |
| Basic commands | 4 | |
| Build / train | 138 | |
| Enter build submenu | 43 | |
| Enter hero's abilities submenu | 7 | |
| Give item / drop item | 3 | |
| Remove unit from queue | 29 | |
| Right click | 1699 | |
| Select / deselect | 662 | |
| Select group hotkey | 357 | |
| Use ability | 97 | |
3061 total
» units
| Wisp | 34 | |
| Archer | 9 | |
| Hippogryph | 22 | |
| Chimaera | 2 | |
67 total
» upgrades
| Nature's Blessing | 1 | |
| Hippogryph Taming | 1 | |
| Strength of the Wild | 3 | |
| Strength of the Moon | 3 | |
| Improved Bows | 1 | |
| Marksmanship | 1 | |
| Moon Armor | 4 | |
| Reinforced Hides | 4 | |
| Corrosive Breath | 2 | |
20 total
» buildings
| Altar of Elders | 1 | |
| Moon Well | 10 | |
| Ancient of War | 2 | |
| Ancient of Wonders | 1 | |
| Hunter's Hall | 1 | |
| Tree of Ages | 2 | |
| Tree of Life | 2 | |
| Ancient Protector | 8 | |
| Ancient of Wind | 2 | |
| Tree of Eternity | 1 | |
| Chimaera Roost | 2 | |
32 total
» build order
00:10 Altar of Elders
00:14 Moon Well
00:47 Ancient of War
01:05 Ancient of War
01:36 Moon Well
02:54 Moon Well
03:54 Ancient of Wonders
04:00 Moon Well
04:05 Moon Well
04:48 Hunter's Hall
05:38 Moon Well
05:47 Tree of Ages
07:29 Tree of Life
07:36 Ancient Protector
07:54 Ancient Protector
08:46 Ancient of Wind
09:40 Ancient of Wind
10:03 Ancient Protector
11:13 Ancient Protector
11:47 Ancient Protector
13:15 Tree of Eternity
16:30 Ancient Protector
18:49 Moon Well
18:50 Moon Well
18:51 Moon Well
18:59 Ancient Protector
21:04 Chimaera Roost
23:18 Moon Well
27:25 Chimaera Roost
31:56 Tree of Life
» items
| Scroll of Town Portal | 5 | |
| Potion of Lesser Invulnerability | 3 | |
| Orb of Venom | 1 | |
| Potion of Healing | 1 | |
| Potion of Mana | 1 | |
| Scroll of Protection | 1 | |
| Scroll of Healing | 1 | |
13 total

»
D0riat (
teal | 69 APM | 2655 actions | 38:37)
6 Warden
3 Shadow Strike
2 Blink
1 Spirit of Vengeance
» actions
| Assign group hotkey | 36 | |
| Basic commands | 9 | |
| Build / train | 90 | |
| ESC pressed | 1 | |
| Enter build submenu | 19 | |
| Enter hero's abilities submenu | 7 | |
| Give item / drop item | 2 | |
| Right click | 1590 | |
| Select / deselect | 373 | |
| Select group hotkey | 423 | |
| Use ability | 105 | |
2655 total
» units
| Wisp | 21 | |
| Archer | 11 | |
| Chimaera | 10 | |
| Glaive Thrower | 5 | |
47 total
» upgrades
| Strength of the Wild | 3 | |
| Reinforced Hides | 3 | |
| Corrosive Breath | 1 | |
| Well Spring | 1 | |
| Nature's Blessing | 1 | |
| Ultravision | 1 | |
| Strength of the Moon | 3 | |
| Vorpal Blades | 1 | |
| Moon Armor | 2 | |
| Backpack | 1 | |
17 total
» buildings
| Altar of Elders | 1 | |
| Moon Well | 8 | |
| Ancient of War | 2 | |
| Ancient of Wonders | 1 | |
| Tree of Ages | 1 | |
| Hunter's Hall | 1 | |
| Ancient of Wind | 1 | |
| Tree of Eternity | 2 | |
| Tree of Life | 1 | |
| Chimaera Roost | 3 | |
| Ancient Protector | 4 | |
25 total
» build order
00:08 Altar of Elders
00:13 Moon Well
00:27 Ancient of War
01:26 Moon Well
02:02 Ancient of Wonders
03:18 Moon Well
04:16 Tree of Ages
04:19 Hunter's Hall
05:02 Moon Well
06:43 Ancient of Wind
07:20 Tree of Eternity
07:20 Tree of Eternity
07:29 Moon Well
09:20 Tree of Life
09:55 Chimaera Roost
09:56 Chimaera Roost
10:01 Chimaera Roost
14:53 Moon Well
14:54 Moon Well
14:54 Moon Well
16:48 Ancient Protector
16:49 Ancient Protector
16:51 Ancient Protector
17:48 Ancient Protector
18:12 Ancient of War
» items
| Dust of Appearance | 3 | |
| Boots of Speed | 1 | |
| Circlet of Nobility | 1 | |
| Scroll of Healing | 2 | |
| Scroll of Town Portal | 5 | |
| Potion of Lesser Invulnerability | 1 | |
| Orb of Venom | 1 | |
14 total
NoN.Crying (
pink | 45 APM | 2551 actions | 56:43)
4 Paladin
2 Holy Light
1 Devotion Aura
1 Divine Shield
» actions
| Basic commands | 43 | |
| Build / train | 211 | |
| Enter build submenu | 37 | |
| Enter hero's abilities submenu | 4 | |
| Remove unit from queue | 34 | |
| Right click | 1190 | |
| Select / deselect | 910 | |
| Use ability | 122 | |
2551 total
» units
| Peasant | 24 | |
| Footman | 12 | |
| Rifleman | 7 | |
| Mortar Team | 4 | |
| Dragonhawk Rider | 13 | |
| Siege Engine | 15 | |
| Priest | 17 | |
| Gryphon Rider | 9 | |
| Knight | 10 | |
| Flying Machine | 8 | |
119 total
» upgrades
| Defend | 1 | |
| Swords | 3 | |
| Plating | 3 | |
| Flare | 1 | |
| Gunpowder | 3 | |
| Long Rifles | 1 | |
| Armor | 3 | |
| Cloud | 1 | |
| Fragmentation Shards | 1 | |
| Animal War Training | 1 | |
| Barrage | 1 | |
| Lumber Harvesting | 2 | |
| Storm Hammers | 1 | |
| Magic Sentry | 1 | |
| Priest Training | 2 | |
| Masonry | 3 | |
| Backpack | 1 | |
| Sorceress Training | 2 | |
| Control Magic | 1 | |
| Flak Cannons | 1 | |
| Flying Machine Bombs | 2 | |
| Moon Armor | 1 | |
36 total
» buildings
| Altar of Kings | 1 | |
| Farm | 17 | |
| Barracks | 1 | |
| Arcane Vault | 1 | |
| Blacksmith | 1 | |
| Keep | 1 | |
| Workshop | 3 | |
| Lumber Mill | 1 | |
| Castle | 1 | |
| Gryphon Aviary | 1 | |
| Arcane Sanctum | 1 | |
| Town Hall | 2 | |
| Scout Tower | 14 | |
| Guard Tower | 8 | |
53 total
» build order
00:08 Altar of Kings
00:10 Farm
00:29 Barracks
00:40 Farm
02:13 Arcane Vault
02:43 Blacksmith
02:54 Farm
03:35 Farm
04:10 Keep
05:36 Farm
05:45 Farm
06:36 Workshop
06:45 Lumber Mill
08:02 Castle
08:10 Gryphon Aviary
10:18 Farm
11:06 Farm
14:52 Arcane Sanctum
15:26 Town Hall
15:31 Scout Tower
15:47 Scout Tower
16:18 Scout Tower
16:22 Scout Tower
16:25 Guard Tower
18:04 Farm
18:06 Farm
18:08 Farm
18:09 Farm
18:10 Farm
18:23 Farm
18:24 Farm
18:24 Farm
18:26 Farm
20:20 Guard Tower
20:51 Scout Tower
20:54 Scout Tower
20:59 Scout Tower
21:06 Scout Tower
21:08 Scout Tower
21:33 Guard Tower
21:43 Scout Tower
21:48 Guard Tower
21:52 Guard Tower
22:38 Guard Tower
22:40 Guard Tower
24:14 Town Hall
24:17 Scout Tower
24:18 Scout Tower
24:20 Scout Tower
24:21 Scout Tower
26:26 Guard Tower
27:51 Workshop
34:02 Workshop
» items
| Lesser Clarity Potion | 1 | |
| Scroll of Regeneration | 3 | |
| Scroll of Town Portal | 2 | |
| Orb of Fire | 1 | |
7 total
team 2 (winner)
BrianKepelte (
blue | 131 APM | 7410 actions | 56:44)
9 Blademaster
3 Wind Walk
3 Critical Strike
1 Bladestorm
2 Mirror Image
» actions
| Assign group hotkey | 28 | |
| Basic commands | 73 | |
| Build / train | 108 | |
| Enter build submenu | 75 | |
| Enter hero's abilities submenu | 11 | |
| Give item / drop item | 2 | |
| Remove unit from queue | 1 | |
| Right click | 5553 | |
| Select / deselect | 643 | |
| Select group hotkey | 444 | |
| Use ability | 462 | |
7410 total
» units
| Peon | 11 | |
| Troll Batrider | 32 | |
| Troll Witch Doctor | 2 | |
45 total
» upgrades
| Liquid Fire | 1 | |
| Ranged Weapons | 3 | |
| Armor | 4 | |
| Backpack | 1 | |
| Witch Doctor Training | 2 | |
11 total
» buildings
| Altar of Storms | 2 | |
| Orc Burrow | 4 | |
| War Mill | 1 | |
| Watch Tower | 50 | |
| Voodoo Lounge | 9 | |
| Stronghold | 5 | |
| Beastiary | 3 | |
| Fortress | 3 | |
| Great Hall | 3 | |
| Spirit Lodge | 2 | |
82 total
» build order
00:27 Altar of Storms
00:30 Altar of Storms
00:37 Orc Burrow
00:53 War Mill
02:12 Watch Tower
02:13 Watch Tower
02:23 Voodoo Lounge
02:26 Voodoo Lounge
03:00 Watch Tower
03:46 Watch Tower
03:47 Watch Tower
04:09 Watch Tower
04:19 Stronghold
04:19 Stronghold
04:19 Stronghold
04:28 Orc Burrow
05:23 Watch Tower
05:25 Watch Tower
06:05 Orc Burrow
06:12 Voodoo Lounge
06:15 Voodoo Lounge
06:17 Voodoo Lounge
06:50 Watch Tower
06:52 Watch Tower
08:00 Watch Tower
08:03 Beastiary
08:05 Beastiary
08:14 Fortress
08:14 Fortress
09:15 Watch Tower
09:15 Watch Tower
09:18 Watch Tower
09:22 Watch Tower
11:10 Watch Tower
11:11 Watch Tower
12:39 Watch Tower
12:54 Watch Tower
13:27 Orc Burrow
14:05 Watch Tower
14:08 Watch Tower
14:10 Watch Tower
14:52 Watch Tower
14:52 Watch Tower
16:00 Great Hall
16:25 Great Hall
16:28 Watch Tower
16:42 Watch Tower
16:42 Watch Tower
16:43 Watch Tower
16:44 Watch Tower
16:44 Watch Tower
16:45 Watch Tower
17:33 Beastiary
17:48 Watch Tower
17:48 Watch Tower
17:49 Watch Tower
18:19 Watch Tower
18:22 Watch Tower
18:23 Watch Tower
19:34 Watch Tower
20:18 Watch Tower
21:41 Watch Tower
21:46 Watch Tower
21:47 Watch Tower
26:49 Watch Tower
26:50 Watch Tower
26:51 Watch Tower
26:51 Watch Tower
31:32 Watch Tower
31:32 Watch Tower
31:33 Watch Tower
36:49 Watch Tower
44:23 Spirit Lodge
45:38 Spirit Lodge
47:25 Voodoo Lounge
48:05 Voodoo Lounge
48:58 Voodoo Lounge
51:37 Voodoo Lounge
55:07 Great Hall
» items
| Healing Salve | 5 | |
| Lesser Clarity Potion | 9 | |
| Boots of Speed | 1 | |
| Staff of Teleportation | 1 | |
| Orb of Lightning | 4 | |
| Scroll of Town Portal | 1 | |
| Circlet of Nobility | 5 | |
| Mechanical Critter | 2 | |
28 total
fortress (
purple | 107 APM | 6092 actions | 56:43)
8 Warden
2 Shadow Strike
3 Blink
1 Spirit of Vengeance
2 Fan of Knives
» actions
| Assign group hotkey | 339 | |
| Basic commands | 82 | |
| Build / train | 68 | |
| Enter build submenu | 53 | |
| Enter hero's abilities submenu | 8 | |
| Give item / drop item | 9 | |
| Right click | 4346 | |
| Select / deselect | 514 | |
| Select group hotkey | 308 | |
| Use ability | 361 | |
6092 total
» units
» upgrades
| Nature's Blessing | 1 | |
| Well Spring | 1 | |
| Ultravision | 1 | |
3 total
» buildings
| Altar of Elders | 1 | |
| Moon Well | 22 | |
| Tree of Life | 8 | |
| Tree of Ages | 1 | |
| Tree of Eternity | 1 | |
| Ancient of Wonders | 1 | |
| Hunter's Hall | 1 | |
| Ancient of War | 11 | |
| Ancient Protector | 4 | |
50 total
» build order
00:05 Altar of Elders
00:17 Moon Well
01:34 Moon Well
04:00 Tree of Life
07:06 Tree of Ages
07:36 Tree of Life
11:21 Tree of Life
12:40 Tree of Eternity
12:48 Ancient of Wonders
16:01 Moon Well
16:01 Moon Well
16:03 Moon Well
16:05 Moon Well
16:06 Moon Well
16:07 Moon Well
16:08 Moon Well
16:16 Moon Well
16:18 Moon Well
16:19 Moon Well
16:20 Moon Well
16:28 Tree of Life
17:56 Hunter's Hall
18:33 Tree of Life
27:08 Tree of Life
27:12 Tree of Life
29:47 Moon Well
29:47 Moon Well
31:29 Moon Well
31:29 Moon Well
31:29 Moon Well
35:11 Moon Well
35:15 Moon Well
35:16 Moon Well
52:43 Ancient of War
52:44 Ancient of War
52:45 Ancient of War
52:47 Ancient of War
52:48 Ancient of War
52:50 Ancient of War
52:56 Ancient of War
53:02 Ancient of War
53:03 Ancient of War
53:05 Ancient of War
53:06 Ancient of War
53:14 Ancient Protector
53:15 Ancient Protector
53:16 Ancient Protector
53:17 Ancient Protector
56:07 Tree of Life
» items
| Boots of Speed | 1 | |
| Staff of Teleportation | 1 | |
| Healing Salve | 2 | |
| Orb of Lightning | 1 | |
| Lesser Clarity Potion | 4 | |
| Potion of Healing | 2 | |
11 total
huge_pig (
red | 110 APM | 6242 actions | 56:43)
7 Archmage
3 Blizzard
3 Brilliance Aura
1 Mass Teleport
6 Blood Mage
3 Flame Strike
2 Siphon Mana
1 Summon Phoenix
6 Goblin Tinker
3 Cluster Rockets
2 Engineering Upgrade
1 Robo-Goblin
» actions
| Assign group hotkey | 238 | |
| Basic commands | 95 | |
| Build / train | 143 | |
| Enter build submenu | 103 | |
| Enter hero's abilities submenu | 20 | |
| Give item / drop item | 24 | |
| Right click | 3167 | |
| Select / deselect | 591 | |
| Select group hotkey | 1361 | |
| Use ability | 500 | |
6242 total
» units
» upgrades
| Masonry | 3 | |
| Lumber Harvesting | 2 | |
| Magic Sentry | 1 | |
6 total
» buildings
| Altar of Kings | 1 | |
| Farm | 3 | |
| Scout Tower | 140 | |
| Lumber Mill | 1 | |
| Arcane Tower | 16 | |
| Arcane Vault | 2 | |
| Guard Tower | 49 | |
| Keep | 2 | |
| Castle | 1 | |
| Town Hall | 1 | |
| Arcane Sanctum | 1 | |
217 total
» build order
00:03 Altar of Kings
00:21 Farm
00:52 Farm
01:00 Scout Tower
01:03 Lumber Mill
01:26 Scout Tower
01:31 Arcane Tower
01:32 Scout Tower
01:56 Arcane Vault
01:59 Arcane Tower
02:00 Scout Tower
02:10 Scout Tower
02:21 Scout Tower
02:23 Guard Tower
02:39 Guard Tower
02:39 Scout Tower
02:41 Scout Tower
02:55 Guard Tower
03:12 Scout Tower
03:25 Guard Tower
03:26 Scout Tower
03:27 Scout Tower
03:33 Guard Tower
03:34 Scout Tower
03:40 Keep
03:40 Keep
03:43 Guard Tower
04:20 Guard Tower
04:21 Scout Tower
04:22 Scout Tower
04:25 Guard Tower
04:27 Scout Tower
04:29 Arcane Vault
04:44 Farm
04:50 Guard Tower
04:56 Scout Tower
05:15 Guard Tower
05:27 Guard Tower
05:31 Scout Tower
05:32 Scout Tower
05:44 Guard Tower
05:45 Scout Tower
05:45 Scout Tower
06:08 Castle
06:19 Guard Tower
06:22 Town Hall
06:33 Guard Tower
06:39 Scout Tower
06:39 Scout Tower
06:49 Guard Tower
06:56 Scout Tower
06:57 Scout Tower
07:39 Guard Tower
08:01 Scout Tower
08:03 Scout Tower
08:08 Arcane Sanctum
08:12 Guard Tower
08:13 Scout Tower
08:14 Scout Tower
08:21 Scout Tower
08:22 Scout Tower
08:54 Guard Tower
08:56 Scout Tower
10:26 Guard Tower
10:27 Scout Tower
10:29 Scout Tower
10:30 Scout Tower
10:30 Scout Tower
10:35 Scout Tower
10:36 Scout Tower
10:36 Scout Tower
10:37 Scout Tower
10:38 Guard Tower
10:39 Scout Tower
10:40 Scout Tower
10:41 Scout Tower
10:45 Scout Tower
10:46 Scout Tower
10:47 Scout Tower
11:17 Guard Tower
13:16 Guard Tower
13:18 Scout Tower
13:18 Scout Tower
13:19 Scout Tower
13:22 Scout Tower
13:23 Scout Tower
13:24 Scout Tower
13:26 Arcane Tower
13:27 Guard Tower
13:28 Scout Tower
13:29 Scout Tower
13:36 Scout Tower
13:37 Scout Tower
13:37 Scout Tower
13:38 Scout Tower
13:39 Scout Tower
13:39 Scout Tower
13:42 Scout Tower
13:42 Scout Tower
13:43 Scout Tower
13:43 Scout Tower
13:44 Scout Tower
14:00 Scout Tower
14:01 Scout Tower
14:02 Scout Tower
14:03 Scout Tower
14:06 Arcane Tower
14:12 Arcane Tower
14:17 Arcane Tower
14:18 Guard Tower
14:48 Arcane Tower
14:48 Guard Tower
14:56 Guard Tower
14:58 Scout Tower
15:01 Scout Tower
15:05 Guard Tower
15:09 Scout Tower
15:09 Scout Tower
15:10 Scout Tower
15:22 Arcane Tower
15:23 Guard Tower
15:29 Scout Tower
15:30 Scout Tower
15:31 Scout Tower
15:55 Scout Tower
16:37 Arcane Tower
16:41 Scout Tower
16:45 Guard Tower
16:49 Arcane Tower
16:53 Scout Tower
16:54 Scout Tower
16:59 Guard Tower
17:00 Scout Tower
17:01 Scout Tower
18:00 Arcane Tower
18:08 Scout Tower
18:10 Scout Tower
18:15 Guard Tower
18:16 Guard Tower
23:31 Arcane Tower
23:33 Arcane Tower
26:50 Scout Tower
26:51 Scout Tower
26:54 Scout Tower
26:55 Scout Tower
26:56 Scout Tower
26:56 Scout Tower
26:58 Scout Tower
26:58 Scout Tower
27:00 Scout Tower
27:01 Scout Tower
27:01 Scout Tower
27:02 Scout Tower
27:07 Scout Tower
27:10 Scout Tower
27:15 Scout Tower
28:11 Guard Tower
28:16 Scout Tower
28:17 Scout Tower
28:18 Scout Tower
28:19 Guard Tower
29:38 Guard Tower
30:00 Scout Tower
30:01 Scout Tower
30:02 Scout Tower
30:03 Scout Tower
30:17 Guard Tower
30:32 Guard Tower
30:38 Scout Tower
30:39 Scout Tower
30:39 Scout Tower
30:52 Arcane Tower
31:02 Arcane Tower
31:05 Guard Tower
31:41 Guard Tower
31:53 Guard Tower
31:57 Guard Tower
32:01 Guard Tower
32:46 Guard Tower
33:30 Scout Tower
33:32 Scout Tower
33:33 Scout Tower
33:35 Scout Tower
33:35 Scout Tower
33:36 Scout Tower
33:37 Scout Tower
33:38 Scout Tower
33:40 Scout Tower
33:40 Scout Tower
33:41 Scout Tower
33:53 Scout Tower
33:53 Scout Tower
33:54 Scout Tower
35:22 Arcane Tower
35:24 Guard Tower
36:22 Guard Tower
36:42 Scout Tower
36:43 Scout Tower
36:44 Scout Tower
36:49 Scout Tower
36:51 Scout Tower
36:51 Scout Tower
37:11 Guard Tower
37:21 Scout Tower
37:23 Scout Tower
37:25 Scout Tower
37:26 Scout Tower
37:27 Scout Tower
37:38 Guard Tower
39:24 Guard Tower
39:44 Scout Tower
39:44 Scout Tower
39:45 Scout Tower
39:47 Scout Tower
39:49 Scout Tower
39:50 Scout Tower
45:32 Guard Tower
» items
| Boots of Speed | 3 | |
| Staff of Teleportation | 3 | |
| Staff of Sanctuary | 3 | |
| Healing Salve | 3 | |
| Orb of Lightning | 3 | |
| Lesser Clarity Potion | 6 | |
| Periapt of Vitality | 1 | |
| Scroll of Speed | 2 | |
| Potion of Invisibility | 1 | |
| Scroll of Healing | 3 | |
| Scroll of Protection | 1 | |
29 total
Chat log
(00:18 / All) huge_pig: hey are you ready?
(00:19 / All) huge_pig: ready to play?
(17:36 / All) D0riat: <3 my macro
(17:40 / All) BrianKepelte: LOL
(17:56 / All) BrianKepelte: what food you @?
(19:13 / All) BrianKepelte: nice macro
(21:27 / All) D0riat: nioch nioch
(24:42 / All) D0riat: your predictions stays at high lvl
(24:49 / All) BrianKepelte: please repeat
(24:56 / All) D0riat: noppe
(33:17 / All) BrianKepelte: nice macro
(34:10 / All) BrianKepelte: lol
(34:16 / All) archont: I WILL RUN AWAY
(37:15 / All) NoN.Crying: :((
(37:22 / All) BrianKepelte: i've been killed in action
(38:12 / All) huge_pig: hmm bad attack
(38:26 / All) BrianKepelte: good macro
(38:31 / All) D0riat: we are not nerds who have time for cubing for the whole night
(38:32 / All) D0riat: bb
(38:36 / All) BrianKepelte: bye badboys
(38:40 / All) NoN.Crying: omg
(38:43 / All) BrianKepelte: noob
(39:04 / All) BrianKepelte: you guys
(39:07 / All) BrianKepelte: does teal always ragequit?
(39:24 / All) fortress: shame you guys couldnt keep morale up, that was really good macro
(39:41 / All) BrianKepelte: solid triple roost play
(39:48 / All) BrianKepelte: click click to chim, click click to chim
(39:49 / All) BrianKepelte: noobified
(40:04 / All) archont: I have abs irl
(40:06 / All) archont: bb
(40:08 / All) BrianKepelte: lol
(40:13 / All) NoN.Crying: lol
(40:22 / All) fortress: ok nvm you guys are actually cool
(40:32 / All) huge_pig: chill & cool
(40:33 / All) BrianKepelte: does he really have abs?
(40:45 / All) huge_pig: which kind
(40:59 / All) huge_pig: I need to know
(41:20 / All) huge_pig: does he look sick w/ his shirt off or have unparalleled barking performance in wet conditions
(42:46 / All) NoN.Crying: rtoo much dota
(42:56 / All) BrianKepelte: good micro you mnean?
(44:25 / All) NoN.Crying: let me wait
(44:29 / All) NoN.Crying: pls
(44:38 / All) BrianKepelte: what are you waiting for?
(44:42 / All) NoN.Crying: i need some gold
(44:55 / All) fortress: i can give you some items taht you can sell
(44:59 / All) fortress: but i cant give gold
(45:05 / All) NoN.Crying: that would be awesome
(45:16 / All) fortress: i just cant pass up this experience ;__,
(45:44 / All) NoN.Crying: well, that's a trully epic game
(45:47 / All) BrianKepelte: if you say so
(45:49 / All) BrianKepelte: rather short imo
(45:52 / All) NoN.Crying: i've never seen such
(45:56 / All) BrianKepelte: https://highper.ch/ for more
(50:33 / All) NoN.Crying: now i have no units to play
(50:35 / All) BrianKepelte: bye
(50:44 / All) fortress: do some situps or smth
(50:49 / All) NoN.Crying: and forced to just stay and see you destroying the base -_-
(53:54 / All) NoN.Crying: ROFL
(54:01 / All) NoN.Crying: THAT'S JUST AWESOME
(54:22 / All) fortress: im not allowed to build units, doctors orders
(56:34 / All) BrianKepelte: i have back dimples ;) <3